 Dungeon Crawl Stone Soup version 0.21.0-3-g78d12a8 (webtiles) character file.

9538 Monsterracer the Cleaver (level 11, -1/100 HPs)
             Began as a Deep Dwarf Fighter on Jan 12, 2018.
             Was a Believer of Makhleb.
             Slain by a spiny frog (6 damage)
             ... on level 2 of the Lair of Beasts.
             The game lasted 00:06:38 (4570 turns).

Monsterracer the Cleaver (Deep Dwarf Fighter)       Turns: 4570, Time: 00:06:39

Health: -1/100     AC: 14    Str: 23    XL:     11   Next: 24%
Magic:  10/10      EV:  8    Int:  9    God:    Makhleb [**....]
Gold:   440        SH: 11    Dex: 12    Spells: 10/10 levels left

rFire    . . .     SeeInvis .   a - +1 war axe (chop)
rCold    . . .     Gourm    .   c - +0 shield
rNeg     + . .     Faith    .   t - +0 scale mail
rPois    .         Spirit   .   n - +2 hat
rElec    .         Reflect  .   (no cloak)
rCorr    .         Harm     .   u - +0 pair of gloves
MR       +....                  i - +1 pair of boots
Stlth    ..........             (no amulet)
HPRegen  0.00/turn              l - ring of positive energy
MPRegen  0.12/turn              (no ring)

@: lethally poisoned (-1 -> -1), non-regenerating
A: damage resistance, heal wounds, sense surroundings 2, no regeneration
a: Heal Wounds, Minor Destruction, Renounce Religion


You were on level 2 of the Lair of Beasts.
You worshipped Makhleb.
Makhleb was pleased with you.
You were hungry.

You visited 3 branches of the dungeon, and saw 11 of its levels.

You collected 440 gold pieces.

Inventory:

Hand Weapons
 a - a +1 war axe of chopping (weapon)
 b - a +2 flail of draining
Missiles
 h - 3 throwing nets (quivered)
Armour
 c - a +0 shield (worn)
 i - a +1 pair of boots (worn)
 j - a +0 helmet
 n - a +2 hat (worn)
 t - a +0 scale mail (worn)
 u - a +0 pair of gloves (worn)
Jewellery
 l - a ring of positive energy (left hand)
Wands
 e - a wand of polymorph (6)
 m - a wand of digging (24)
 s - a wand of iceblast (3)
Scrolls
 k - a scroll of fear
 y - 2 scrolls of teleportation
 z - a scroll of remove curse
Potions
 d - a potion of magic
 g - 3 potions of curing
 o - 2 potions of resistance
 p - a potion of ambrosia {unknown}
 q - a potion of flight {unknown}
 r - 5 potions of mutation {unknown}
 v - 2 potions of agility {unknown}
 w - 2 potions of lignification {unknown}
Comestibles
 f - 12 rations
 x - a chunk of flesh


   Skills:
 + Level 7.3 Fighting
 * Level 11.6 Axes
 + Level 8.8 Armour
 + Level 8.8 Shields
 + Level 7.9 Invocations


You had 10 spell levels left.
You didn't know any spells.

Dungeon Overview and Level Annotations

Branches:
Dungeon (8/15)             Temple (1/1) D:5            Lair (2/6) D:8
  Swamp: Lair:2-4    Shoals: Lair:2-4     Snake: Lair:2-4    Spider: Lair:2-4

Altars:
Cheibriados
Dithmenos
Elyvilon
Gozag
Kikubaaqudgha
Makhleb
Nemelex Xobeh
Qazlal
Ru
Sif Muna
Uskayaw
Vehumet
Wu Jian
Xom

Shops:
D:5 }


Innate Abilities, Weirdness & Mutations

You are resistant to damage.
You can heal yourself by infusing magical energy.
You passively map the area around you.
You do not regenerate.


Message History

You kill the crocodile!
Makhleb accepts your kill.
You see here a spiny frog corpse.
No target in view!
No target in view!
A spiny frog comes into view.
You see here a scroll of remove curse.
A spiny frog is nearby!
The spiny frog gives a loud, deep croak!
A spiny frog is nearby!
The spiny frog barely misses you.
Found 20 gold pieces.
You slash the spiny frog!
The spiny frog is moderately wounded.
The spiny frog misses you.
You closely miss the spiny frog.
The spiny frog is moderately wounded.
The spiny frog stings you!
You take 8 damage, and have 85/100 hp.
You barely miss the spiny frog.
The spiny frog is moderately wounded.
The spiny frog stings you but does no damage.
You block the spiny frog's attack.
A spiny frog is nearby!
You slash the spiny frog!
The spiny frog is heavily wounded.
The spiny frog stings you!
You take 11 damage, and have 74/100 hp.
A spiny frog is nearby!
You hit the spiny frog.
The spiny frog is severely wounded.
The spiny frog stings you!
You are more poisoned.
The spiny frog poisons you!
You barely miss the spiny frog.
The spiny frog is severely wounded.
You feel sick.
The spiny frog stings you but does no damage.
You take 15 damage, and have 59/100 hp.
You slash the spiny frog!
You kill the spiny frog!
Makhleb accepts your kill.
You feel better.
You feel sick.
You regained 8 hp, and now have 67/100 hp.
No target in view!
z - a scroll of remove curse No target in view!
You now have 413 gold pieces (gained 16).
You now have 433 gold pieces (gained 20).
You now have 440 gold pieces (gained 7).
Found a plate armour.
You are no longer poisoned.
A - a scroll of identify No target in view!
No target in view!
A basilisk comes into view.
The basilisk gazes at you. You resist with almost no effort.
The basilisk gazes at you. You resist with almost no effort.
Found a stone staircase leading down.
A basilisk is nearby!
A spiny frog comes into view.
The spiny frog gives a loud, deep croak!
The basilisk gazes at you. You resist with almost no effort.
As you read the scroll of identify, it crumbles to dust.
o - 2 potions of resistance The basilisk bites you!
You take 3 damage, and have 64/100 hp.
You hit the basilisk but do no damage. The basilisk bites you.
You barely miss the basilisk.
You hit the spiny frog but do no damage.
The basilisk bites you! The spiny frog closely misses you.
You take 10 damage, and have 54/100 hp.
Your shield and scale mail prevent you from hitting the basilisk.
You barely miss the spiny frog. The basilisk bites you!
The spiny frog stings you.
You take 10 damage, and have 44/100 hp.
You closely miss the basilisk. You hit the spiny frog.
The spiny frog stings you!!
* * * LOW HITPOINT WARNING * * *
You are poisoned.
The spiny frog poisons you! The basilisk bites you!
* * * LOW HITPOINT WARNING * * *
A hippogriff comes into view.
Your shield and scale mail prevent you from hitting the basilisk.
The hippogriff screeches!
You slash the spiny frog! The spiny frog stings you!
* * * LOW HITPOINT WARNING * * *
The basilisk closely misses you. The spiny frog stings you.
* * * LOW HITPOINT WARNING * * *
You are too injured to fight recklessly!
You hit the basilisk.
The basilisk is moderately wounded.
You hit the spiny frog.
You are feeling hungry.
The basilisk bites you but does no damage.
The spiny frog stings you!
You die...

, , ,...#....##P , ,
,,......#.* *,..*.....###
, , , .......###
,......... , .......... ,
... ... .........
,......... , , .......#,
#......... , ,#
#....#####..P#...... ,
,#.>.#.#..#..............
, *
..H...l@........##.....#
, ,
..8...F#.##........[...#
, ,
#..#....###............P
, ,# ###...
#......#...... , * *
#....#.....#......# *
#.....##...##.....# ,
...........##.....# ,
.8.....8.#.##....... , ,,
,, , ..........#.#......


You could see a hippogriff, a spiny frog and a basilisk.

Vanquished Creatures
  Pikel (D:8)
  A black mamba (Lair:2)
  6 spiny frogs
  A komodo dragon (Lair:1)
  5 blink frogs (Lair:1)
  5 yaks (D:8)
  A wyvern (Lair:2)
  Grum (Lair:1)
  2 basilisks (D:8)
  Menkaure (D:6)
  3 water moccasins
  Duvessa (D:6)
  An orc warrior (D:8)
  4 porcupines
  4 slaves (D:8)
  2 ice beasts
  2 sky beasts
  A black bear (D:8)
  6 wolves (Lair:1)
  6 ogres
  2 big kobolds
  3 crocodiles
  4 bullfrogs
  Dowan (D:6)
  A scorpion (D:8)
  An electric eel (Lair:1)
  4 wights (D:8)
  2 jellies
  A howler monkey (D:5)
  A centaur skeleton (D:5)
  4 gnoll shamans (D:4)
  2 orc priests
  5 hounds
  4 orc wizards
  3 iguanas
  4 worker ants
  A killer bee zombie (D:6)
  A howler monkey zombie (D:7)
  3 adders
  32 gnolls (D:4)
  An ooze (D:1)
  An adder skeleton (D:6)
  4 dart slugs
  2 worms (D:3)
  2 leopard geckos
  22 orcs
  2 giant cockroaches
  4 goblins
  4 hobgoblins
  9 jackals (D:4)
  3 quokkas
  2 bats
  3 frilled lizards
  14 kobolds
  2 leopard gecko skeletons
  A rat (D:1)
209 creatures vanquished.

Vanquished Creatures (others)
  A fungus (D:8)
  A plant (D:8)
2 creatures vanquished.

Grand Total: 211 creatures vanquished

Notes
Turn   | Place    | Note
-------+----------+-------------------------------------------
     0 | D:1      | Monsterracer the Deep Dwarf Fighter began the quest for the Orb.
     0 | D:1      | Reached XP level 1. HP: 20/20 MP: 1/1
   144 | D:1      | Reached XP level 2. HP: 21/27 MP: 2/2
   423 | D:2      | Found an opulent altar of Gozag.
   459 | D:2      | Reached skill level 3 in Axes
   509 | D:2      | Reached XP level 3. HP: 23/33 MP: 3/3
   548 | D:3      | Found a snail-covered altar of Cheibriados.
   571 | D:3      | Noticed a big kobold
   578 | D:3      | Killed a big kobold
   578 | D:3      | Reached XP level 4. HP: 17/42 MP: 4/4
   695 | D:4      | Reached skill level 4 in Axes
   695 | D:4      | Reached XP level 5. HP: 44/49 MP: 5/5
   769 | D:4      | Noticed an ogre
   783 | D:4      | Reached XP level 6. HP: 28/57 MP: 6/6
   798 | D:4      | Reached skill level 5 in Axes
   832 | D:4      | Reached XP level 7. HP: 40/64 MP: 7/7
   937 | D:4      | Reached skill level 5 in Armour
   958 | D:4      | Reached skill level 5 in Shields
  1093 | D:4      | Reached skill level 6 in Axes
  1274 | D:4      | Found a sand-covered staircase.
  1448 | D:5      | Entered Level 5 of the Dungeon
  1534 | D:5      | Reached XP level 8. HP: 40/73 MP: 8/8
  1617 | D:5      | Found Eminies's Gadget Shoppe.
  1802 | D:5      | Found a radiant altar of Vehumet.
  1999 | D:5      | Found a staircase to the Ecumenical Temple.
  2008 | Temple   | Entered the Ecumenical Temple
  2039 | Temple   | Became a worshipper of Makhleb the Destroyer
  2183 | D:6      | Reached skill level 7 in Axes
  2191 | D:6      | Noticed Duvessa
  2196 | D:6      | Noticed Dowan
  2204 | D:6      | Killed Duvessa
  2204 | D:6      | Reached skill level 1 in Invocations
  2216 | D:6      | Killed Dowan
  2219 | D:6      | Reached skill level 5 in Fighting
  2296 | D:6      | Noticed Menkaure
  2308 | D:6      | Killed Menkaure
  2437 | D:7      | Reached skill level 8 in Axes
  2590 | D:7      | Reached * piety under Makhleb
  2675 | D:7      | Found a radiant altar of Vehumet.
  2725 | D:7      | Gained mutation: You passively map the area around you. [Deep Dwarf growth]
  2725 | D:7      | Reached XP level 9. HP: 60/81 MP: 11/11
  2742 | D:7      | Found a sacrificial altar of Ru.
  2810 | D:7      | Found an ancient bone altar of Kikubaaqudgha.
  2980 | D:7      | Found a stormy altar of Qazlal.
  3259 | D:8      | Noticed Pikel
  3279 | D:8      | Killed Pikel
  3279 | D:8      | Reached skill level 9 in Axes
  3441 | D:8      | Reached skill level 5 in Invocations
  3457 | D:8      | Found a staircase to the Lair.
  3473 | D:8      | Reached XP level 10. HP: 44/91 MP: 14/14
  3486 | D:8      | Reached ** piety under Makhleb
  3502 | D:8      | Reached skill level 10 in Axes
  3594 | Lair:1   | Entered Level 1 of the Lair of Beasts
  3599 | Lair:1   | Noticed Grum
  3624 | Lair:1   | Killed Grum
  3673 | Lair:1   | Got a steaming shortbow
  3686 | Lair:1   | Noticed a spiny frog
  3697 | Lair:1   | Killed a spiny frog
  4052 | Lair:1   | Reached skill level 11 in Axes
  4065 | Lair:1   | Noticed a spiny frog
  4067 | Lair:1   | Noticed a spiny frog
  4078 | Lair:1   | Killed a spiny frog
  4083 | Lair:1   | Killed a spiny frog
  4083 | Lair:1   | Reached XP level 11. HP: 37/100 MP: 11/11
  4405 | Lair:2   | HP: 4/100 [poisoned by a black mamba]
  4569 | Lair:2   | HP: 5/100 [spiny frog (5)]
  4570 | Lair:2   | Slain by a spiny frog

Skill      XL: |  1  2  3  4  5  6  7  8  9 10 |
---------------+-------------------------------+-----
Axes           | 3 4 5 6 8 9 11 | 11.6
Fighting       | 3 4 5 6 7 |  7.3
Armour         | 4 5 6 7 8 |  8.8
Shields        | 4 5 6 7 8 |  8.8
Invocations    | 3 5 7 |  7.9

Action                   |  1- 3 |  4- 6 |  7- 9 | 10-12 || total
-------------------------+-------+-------+-------+-------++-------
Melee: War axe           |    84 |    82 |   331 |   239 ||   736
Invok: Minor Destruction |       |       |       |     5 ||     5
 Abil: Heal Wounds       |       |     3 |    10 |    23 ||    36
  Use: Scroll            |       |     6 |     5 |     2 ||    13
       Potion            |       |     1 |       |       ||     1
  Eat: Chunk             |       |       |     9 |     4 ||    13
Armor: Scale mail        |    32 |    55 |   159 |   111 ||   357
Dodge: Dodged            |    25 |    42 |    90 |    91 ||   248
Block: Shield            |    40 |    80 |   194 |   159 ||   473

Vault maps used:
D:1:      scummos_arrival_simple_crosswalls
D:2:      nicolae_gozag_seed_capital, nicolae_ru_awakened_eye
D:3:      cheibrodos_thug_alley, lemuel_round_altar,
          lemuel_coloured_pillars_altar, grunt_temple_overflow_open,
          chequers_ecumenical_altar_twisty
D:4:      lemuel_castle_with_subvaults, lightli_ossuary_entry_decrepit_ruins
D:5:      lemuel_temple_firewalk_b, first_ration, serial_shops, shop,
          basic_altar
D:6:      ashenzari_conservatory_becter, uniq_edmund, uniq_menkaure,
          uniq_blork_the_orc, uniq_duvessa
D:7:      lemuel_round_altar, lemuel_doored_altar, overflow_temple_1_default,
          basic_altar, uniq_crazy_yiuf_cottage
D:8:      kennysheep_mini_moat, minmay_lair_entry_grove, uniq_pikel
Temple:   chequers_temple_sunken
Lair:1:   nzn_random_ring, lemuel_fruit_tree, serial_bayou_shore_a,
          serial_bayou_shore_b, infiniplex_staircase_pool, uniq_grum
Lair:2:   disabler_island, grunt_megastairs_5, infiniplex_staircase_pool_2
